 Dungeon Crawl Stone Soup version 0.18-a0-1577-gf591c28 (webtiles) character file.

27 M4edhros the Sneak (level 3, 0/23 HPs)
             Began as an Octopode Artificer on Mar 22, 2016.
             Slain by a goblin
             ... wielding a +0 club
              (1 damage)
             ... on level 2 of the Dungeon.
             The game lasted 00:00:31 (449 turns).

M4edhros the Sneak (Octopode Artificer)              Turns: 449, Time: 00:00:31

Health: 0/23       AC:  1    Str:  9 (10) XL:     3   Next: 10%
Magic:  5/5        EV: 18    Int: 12 (14) God:
Gold:   61         SH:  0    Dex: 16 (18) Spells: 0 memorised, 2 levels left

rFire  . . .     SeeInvis .     a - +0 short sword
rCold  . . .     Gourm    .     (no shield)
rNeg   . . .     Faith    .     (helmet restricted)
rPois  .         Spirit   .     (no amulet)
rElec  .         Dismiss  .     (no ring)
rCorr  .         Reflect  .     (no ring)
SustAt .         Harm     .     (no ring)
MR     .....                    (no ring)
Stlth  +++++.....               (no ring)
                                (no ring)
                                (no ring)
                                (no ring)

@: agile, not resistant to hostile enchantments, quite stealthy
A: almost no armour, amphibious, 8 rings, constrict 8, camouflage 1, gelatinous
body 1
a: no special abilities


You were on level 2 of the Dungeon.
You were not hungry.

You visited 1 branch of the dungeon, and saw 2 of its levels.

You collected 61 gold pieces.

Inventory:

Hand Weapons
 a - a +0 short sword (weapon)
Jewellery
 i - an uncursed ring of resist corrosion {unknown}
Wands
 b - a wand of flame (15/48)
 c - a wand of enslavement (15/24)
 d - a wand of random effects (15/48)
Scrolls
 g - 2 scrolls of enchant weapon {unknown}
 k - a scroll of random uselessness {unknown}
 l - a scroll of identify {unknown}
 m - a scroll of remove curse {unknown}
Potions
 n - a potion of magic {unknown}
Comestibles
 f - a bread ration
 h - 4 fruits
 o - a slice of pizza


   Skills:
 - Level 1.0 Fighting
 - Level 1.0 Short Blades
 + Level 2.5 Dodging
 * Level 3.5 Stealth
 - Level 3.2 Evocations


You had 2 spell levels left.
You didn't know any spells.

Dungeon Overview and Level Annotations

Branches:
Dungeon (2/15)

Altars:


Innate Abilities, Weirdness & Mutations

You cannot wear most types of armour.
You are amphibious.
You can wear up to eight rings at the same time.
You can use your tentacles to constrict eight enemies at once.
Your skin changes colour to match your surroundings (Stealth).
Your rubbery body absorbs attacks (AC +1).


Message History

The adder is severely wounded.
You constrict the adder. The adder closely misses you. The goblin misses you.
You are too injured to fight recklessly!
Unknown command.
Drink which item? (? for menu, Esc to quit)
It was a potion of agility.
You feel agile all of a sudden.
You constrict the adder.
You kill the adder!
You have reached level 3!
Your experience leads to an increase in your attributes!
Your base attributes are Str 10, Int 14, Dex 12.
Increase (S)trength, (I)ntelligence, or (D)exterity?
You feel agile.
Drink which item? (? for menu, Esc to quit)
It was a potion of degeneration.
There was something very wrong with that liquid.
You feel weakened.
You feel dopey.
You feel clumsy. The goblin hits you with a club.
You die...

.........
.........
......... #
........##.#
..$.g....#.#
...........
........g######
.......@.g<....
........######.
###..........#
#####..###.#
.....# #.#
#####...###.#
#.......#...#
#.###.#.#.###.#
#<#.#.......#


You could see 3 goblins.

Vanquished Creatures
  An adder (D:2)
  A giant gecko (D:1)
  A goblin (D:1)
  3 hobgoblins (D:1)
  2 bats (D:1)
  2 giant newts (D:1)
  5 kobolds (D:1)
  4 rats (D:1)
19 creatures vanquished.

Notes
Turn   | Place    | Note
--------------------------------------------------------------
     0 | D:1      | M4edhros the Octopode Artificer began the quest for the Orb.
     0 | D:1      | Reached XP level 1. HP: 13/13 MP: 3/3
   108 | D:1      | Reached XP level 2. HP: 16/18 MP: 4/4
   448 | D:2      | Reached XP level 3. HP: 1/23 MP: 5/5
   449 | D:2      | Slain by a goblin

Vault maps used:
D:1:      lightli_arrival_noodles, minmay_misc_feat_pillars,
          corexii_hall_statues_u
D:2:      grunt_decor_one_mirror

Skill      XL: |  1  2 |
---------------+-------+-----
Stealth        | 2 3 |  3.5
Fighting       | |  1.0
Short Blades   | |  1.0
Dodging        | |  2.5
Evocations     | |  3.2

Action                   || total
-------------------------++-------
Melee: Short sword       ||    32
  Use: Potion            ||     2
 Stab: Sleeping          ||     6
